 Dungeon Crawl Stone Soup version 0.25-a0-785-gb22c70e859 (webtiles) character file.

Game seed: 12640492566724577190, levelgen mode: deterministic

76367 Flugkiller the Ripper (level 14, 0/87 HPs)
             Began as a Felid Chaos Knight on Apr 17, 2020.
             Was a Plaything of Xom.
             Slain by a shadow imp (3 damage)
             ... summoned by Xom
             ... in an ice cave.
             The game lasted 02:13:31 (45767 turns).

Flugkiller the Ripper (Felid Chaos Knight)         Turns: 45767, Time: 02:13:32

Health: 0/87       AC:  7    Str:  7 (9)  XL:     14   Next: 67%
Magic:  31/31      EV: 18    Int: 17 (18) God:    Xom [*.....]
Gold:   1238       SH:  0    Dex: 13 (16) Spells: 0/33 levels left
                                        Lives:  0   Deaths: 4

rFire    . . .     SeeInvis +     - Unarmed
rCold    + + +     Gourm    .   (shield unavailable)
rNeg     . . .     Faith    .   (armour unavailable)
rPois    +         Spirit   .   (helmet unavailable)
rElec    +         Reflect  .   (cloak unavailable)
rCorr    .         Harm     .   (gloves unavailable)
MR       ++...                  (boots unavailable)
Stlth    ++++......             j - amulet "Neac" {+Rage rElec rPois rC+ Str+3}
HPRegen  0.24/turn              A - ring of Yryrr {Wiz rElec rF+ Dex-2}
MPRegen  0.22/turn              G - ring of protection from cold

@: ice-form
A: large, no armour, no weapons or thrown items, stealth, see invisible,
carnivore, deterioration 2, high mp 1, slow metabolism 1, weak 1, evolution 1
}: 1/15 runes: gossamer
a: End Transformation, Renounce Religion, Evoke Berserk Rage


You were in an ice cave.
You worshipped Xom.
You were a special plaything of Xom.
You were not hungry.
You were a creature of crystalline ice.
You visited 5 branches of the dungeon, and saw 28 of its levels.
You visited 1 bazaar.
You also visited: Ice Cave.

You collected 2596 gold pieces.
You spent 1358 gold pieces at shops.

Inventory:

Missiles
 t - 634 arrows
Jewellery
 j - the amulet "Neac" (around neck) {+Rage rElec rPois rC+ Str+3}
   (You took it off a centaur on level 14 of the Dungeon)

   [amulet of rage]

   It affects your strength (+3).
   It protects you from cold.
   It insulates you from electricity.
   It protects you from poison.
   It lets you go berserk.
 x - an uncursed ring of ice
   (You found it on level 7 of the Dungeon)
 A - the ring of Yryrr (left front paw) {Wiz rElec rF+ Dex-2}
   (Xom gifted it to you on level 9 of the Dungeon)

   [ring of wizardry]

   It improves your spell success rate.
   It affects your dexterity (-2).
   It protects you from fire.
   It insulates you from electricity.
 E - a +5 amulet of reflection
   (You found it on level 2 of the Lair of Beasts)
 G - a ring of protection from cold (right front paw)
   (You found it on level 2 of the Lair of Beasts)
 M - an uncursed amulet of guardian spirit
   (You found it on level 6 of the Lair of Beasts)
Wands
 i - a wand of iceblast (14)
   (You found it on level 5 of the Lair of Beasts)
 m - a wand of polymorph (4)
   (You found it on level 5 of the Dungeon)
 p - a wand of enslavement (17)
   (You found it on level 5 of the Dungeon)
 w - a wand of clouds (3)
   (You found it on level 6 of the Lair of Beasts)
 y - a wand of flame (26)
   (You found it on level 7 of the Dungeon)
 F - a wand of paralysis (15)
   (You found it on level 2 of the Lair of Beasts)
 K - a wand of disintegration (27)
   (You found it on level 12 of the Dungeon)
 L - a wand of acid (2)
   (You found it on level 11 of the Dungeon)
Scrolls
 b - 5 scrolls of amnesia
 f - 9 scrolls of teleportation
 g - a scroll of holy word
 h - 8 scrolls of magic mapping
 k - 2 scrolls of identify
 q - 9 scrolls of remove curse
 z - 4 scrolls of fog
 D - a scroll of summoning
 H - a scroll of torment
Potions
 c - 2 potions of ambrosia
 d - a potion of mutation
 e - 2 potions of magic
 l - 6 potions of lignification
 o - 2 potions of might
 r - 4 potions of flight
 s - a potion of stabbing
 u - 3 potions of brilliance
 B - a potion of haste
 I - 2 potions of curing
 J - 2 potions of resistance
Miscellaneous
 C - a lightning rod (4/4)
   (You found it on level 2 of the Spider Nest)
Comestibles
 a - 61 rations


   Skills:
 * Level 15.6 Fighting
 - Level 15.0 Dodging
 + Level 8.9 Stealth
 * Level 15.8 Unarmed Combat
 - Level 10.0 Spellcasting
 - Level 12.3 Hexes
 - Level 2.0 Charms
 - Level 15.2 Transmutations
 - Level 1.1 Air Magic
   Level 1.0 Poison Magic
 + Level 7.1 Evocations


You couldn't memorise any spells.
You knew the following spells:

 Your Spells              Type           Power        Failure   Level  Hunger
a - Swiftness             Chrm/Air       ##......     2%          2    None
b - Sticks to Snakes      Tmut           ######..     1%          2    None
c - Cause Fear            Hex            ######....   1%          4    ###....
d - Ice Form              Ice/Tmut       ####....     1%          4    ###....
e - Blade Hands           Tmut           ######....   1%          5    #####..
f - Dragon Form           Tmut           ######....   6%          7    #######
g - Invisibility          Hex            ######..     3%          6    ######.
h - Confusing Touch       Hex            ######..     1%          3    None

Your spell library contained the following spells:

 Spells                   Type           Power        Failure   Level  Hunger
 Beastly Appendage        Tmut           ######       0%          1    None
 Corona                   Hex            ######.      1%          1    None
 Infusion                 Chrm           ###.         1%          1    None
 Sting                    Tmut/Pois      ####         1%          1    None
 Ensorcelled Hibernation  Hex/Ice        ####..       1%          2    None
 Dazzling Flash           Conj/Hex       ####..       1%          3    None
 Spider Form              Tmut/Pois      #####.....   1%          3    None
 Summon Guardian Golem    Hex/Summ       ####....     1%          3    None
 Tukima's Dance           Hex            ######..     1%          3    None
 Shock                    Conj/Air       ##..         2%          1    None
 Song of Slaying          Chrm           ###.....     2%          2    None
 Animate Skeleton         Necr           N/A          3%          1    None
 Apportation              Tloc           #.....       3%          1    None
 Foxfire                  Conj/Fire      #...         3%          1    None
 Freeze                   Ice            #...         3%          1    None
 Magic Dart               Conj           #...         3%          1    None
 Pain                     Necr           #...         3%          1    None
 Summon Butterflies       Summ           #.......     3%          1    None
 Summon Small Mammal      Summ           #...         3%          1    None
 Shroud of Golubria       Chrm/Tloc      ##....       3%          2    None
 Alistair's Intoxication  Tmut/Pois      #####...     3%          5    #####..
 Call Imp                 Summ           #.......     5%          2    None
 Ozocubu's Armour         Chrm/Ice       ##......     7%          3    None
 Static Discharge         Conj/Air       ##......     9%          3    None
 Call Canine Familiar     Summ           #.......     11%         3    None
 Frozen Ramparts          Ice            #.....       11%         3    None
 Lesser Beckoning         Tloc           #.........   11%         3    None
 Vampiric Draining        Necr           #.........   11%         3    None
 Airstrike                Air            ##........   21%         4    ###....
 Summon Lightning Spire   Summ/Air       ##......     26%         4    ###....
 Animate Dead             Necr           N/A          32%         4    ###....
 Dispel Undead            Necr           #.......     32%         4    ###....
 Hailstorm                Conj/Ice       #.......     32%         4    ###....
 Summon Ice Beast         Ice/Summ       #.......     32%         4    ###....
 Iskenderun's Battlesphe  Conj/Chrm      ##......     50%         5    #####..
 Lightning Bolt           Conj/Air       ##........   56%         5    #####..
 Agony                    Necr           #.......     65%         5    #####..
 Dragon's Call            Summ           #.........   100%        9    #######
 Spectral Weapon          Hex/Chrm       Unusable     N/A         3    N/A

Dungeon Overview and Level Annotations

Branches:
Dungeon (15/15)            Temple (0/1) D:4            Lair (6/6) D:10
  Swamp (1/4) Lair:4       Spider (4/4) Lair:2          Orc (2/2) D:9
 Vaults (0/5) D:13         Depths (0/5) D:15          IceCv (1/1)
  Slime: Lair:5-6       Elf: Orc:2

Altars:
Elyvilon
Hepliaklqana
Okawaru
Ru
Trog
Xom
The Shining One

Shops:
D:10 ?   Orc:1 *   Orc:2 }%

Annotations:
D:2 Ijyb, Sigmund
D:10 exclusion: 2 oklob plants
D:13 2 transporters, Pivothre's ghost, journeyman DgAE
Lair:2 3 runed translucent doors, exclusion: black mamba, brujo666's ghost, journeyman HOFi
Lair:6 exclusion: 3 oklob plants


Innate Abilities, Weirdness & Mutations

You cannot wear armour.
You are incapable of wielding weapons or throwing items.
Your paws allow you to move quietly. (Stealth)
((You have sharp claws.))
((You have razor-sharp teeth.))
You have supernaturally acute eyesight. (SInv)
You are carnivorous and can eat meat at any time.
((You cover ground quickly.))
((Your thick and shaggy fur keeps you warm. (AC +3, rC+)))
You have a slow metabolism.
((Your sharp claws are effective at attacking unaware monsters.))
((You are partially covered in iridescent scales. (AC +2)))
Your body often deteriorates upon taking damage.
You have an increased reservoir of magic. (+10% MP)
((Your system is resistant to poisons. (rPois)))
You are weak. (Str -2)
You evolve.


Message History

* * * LOW HITPOINT WARNING * * *
The anaconda simulacrum constricts you but does no damage.
The anaconda simulacrum bites you.
* * * LOW HITPOINT WARNING * * *
The anaconda simulacrum freezes you. You resist.
* * * LOW HITPOINT WARNING * * *
The anaconda simulacrum constricts you but does no damage.
The anaconda simulacrum completely misses you.
Evoke which item? (* to show all) (? for menu, Esc to quit)
Aiming: Paralyse
Press: ? - help, Shift-Dir - straight line, f - anaconda simulacrum
Aim: an anaconda simulacrum (moderately damaged, chance to defeat MR: 71%)
The anaconda simulacrum suddenly stops moving!
Unknown command.
Unknown command.
Evoke which item? (* to show all) (? for menu, Esc to quit)
Aiming: Paralyse
Press: ? - help, Shift-Dir - straight line, f - anaconda simulacrum, p - anaconda simulacrum
Aim: an anaconda simulacrum (chance to defeat MR: 71%)
The anaconda simulacrum suddenly stops moving!
Unknown command.
The helpless anaconda simulacrum fails to defend itself.
You pummel the anaconda simulacrum!!
The anaconda simulacrum is almost destroyed. "Time to have some fun!"
The ufetubus misses you. The ufetubus closely misses you.
The shadow imp closely misses you.
You punch the hellwing! You freeze the hellwing.
The hellwing is heavily wounded.
The ufetubus misses you. x2; The ufetubus closely misses you.
The ufetubus barely misses you.
You barely miss the hellwing.
The hellwing is heavily wounded.
The ufetubus misses you. The ufetubus closely misses you.
The ufetubus completely misses you. The ufetubus hits you.
* * * LOW HITPOINT WARNING * * *
The hellwing hits you.
* * * LOW HITPOINT WARNING * * *
The hellwing hits you.
* * * LOW HITPOINT WARNING * * *
The shadow imp closely misses you. The ufetubus misses you.
The ufetubus closely misses you. The ufetubus completely misses you.
The ufetubus hits you but does no damage.
The hellwing swoops through the air toward you!
The hellwing barely misses you. The hellwing hits you!
* * * LOW HITPOINT WARNING * * *
The shadow imp hits you.
You die...
Xom howls with laughter!

##.......##
##.....##
###.###
##.....##
##.......##
#.........#
#.........#
#....4....#
#....Y5...#
#)..5.55..#
#####5#####
#...5u....#
#.........#
#...Z.....#
#....Z....#
#..Z......#
##.......##


You could see a white very ugly thing, a hellwing, a quasit, a white imp, a
shadow imp, 2 anaconda simulacra, an iron troll simulacrum and 3 ufetubi.

Vanquished Creatures
  Bai Suzhen (Spider:3)
  Nikola (Spider:3)
  Jorgrun (Orc:1)
  Agnes (Spider:3)
  5 ghost moths
  4 emperor scorpions
  Aizul (Spider:2)
  A very ugly thing (IceCv)
  8 entropy weavers
  A minotaur (Spider:4)
  2 spark wasps (Spider:4)
  A rakshasa (D:15)
  2 hydras
  6 centaur warriors
  An ogre mage (D:15)
  4 catoblepae (Lair:6)
  7 two-headed ogres
  2 dancing weapons (D:13)
  A vampire mage (D:15)
  2 queen ants
  9 death yaks
  2 tengu warriors (D:14)
  2 skeletal warriors (D:15)
  A fire crab (Spider:1)
  A deep troll (Orc:1)
  4 unseen horrors
  An orc knight (D:15)
  3 deep elf magi
  8 orb spiders
  25 wolf spiders
  6 cyclopes
  7 ugly things
  A moth of wrath (Spider:3)
  5 elephants (Lair:6)
  Maurice (D:8)
  2 black mambas
  6 manticores
  5 ice statues (IceCv)
  A guardian serpent (shapeshifter) (D:13)
  9 spiny frogs
  A torpor snail (Spider:2)
  3 gargoyles
  9 komodo dragons
  A rime drake (Lair:3)
  2 efreet (D:15)
  15 demonic crawlers
  8 trolls
  2 anaconda simulacra (IceCv)
  A freezing wraith (D:14)
  A meliai (D:14)
  A tyrant leech (Swamp:1)
  5 hornets
  33 jumping spiders
  2 polar bears
  A wolf spider simulacrum (D:15)
  13 blink frogs
  11 hippogriffs
  A blink frog (shapeshifter) (D:15)
  2 bog bodies (Lair:4)
  2 hippogriffs (shapeshifter) (D:15)
  8 dream sheep
  A meliai zombie (D:14)
  A vampire (D:14)
  2 wyverns
  2 wraiths
  75 redbacks
  38 yaks
  32 tarantellas
  4 basilisks
  3 hungry ghosts
  2 golden eyes
  7 vampire mosquitoes
  An iron troll simulacrum (IceCv)
  A warg (shapeshifter) (D:14)
  2 harpy simulacra (IceCv)
  4 swamp worms (Lair:4)
  A warg (D:9)
  A hydra simulacrum (IceCv)
  16 soldier ants
  19 water moccasins
  A soldier ant (shapeshifter) (D:14)
  A floating eye (D:14)
  9 sky beasts
  9 orc warriors
  11 porcupines
  A black bear (D:10)
  2 hornet zombies
  7 ice beasts
  A necrophage (D:11)
  13 ogres
  3 boggarts (D:15)
  3 eyes of draining
  3 phantoms (D:4)
  19 centaurs
  17 crocodiles
  2 wolves
  3 big kobolds
  24 bullfrogs
  A gnoll sergeant (D:10)
  5 scorpions
  10 wights
  24 killer bees
  7 howler monkeys
  3 electric eels
  7 crimson imps
  A quasit (D:12)
  A bullfrog skeleton (D:8)
  4 centaur zombies
  4 hounds
  2 jellies
  7 centaur skeletons
  A gnoll shaman (D:5)
  16 orc priests
  28 orc wizards
  5 iguanas
  25 worker ants
  2 hound zombies
  2 hound skeletons (D:5)
  8 gnolls
  6 adders
  4 shadow imps
  An ufetubus (D:8)
  2 oozes
  2 adder skeletons (D:4)
  An adder zombie (D:5)
  2 worms
  A dart slug (D:1)
  10 leopard geckos
  72 orcs
  11 bats
  7 giant cockroaches
  6 goblins
  10 hobgoblins
  7 jackals
  12 kobolds
  3 quokkas
  2 ball pythons
  7 frilled lizards
  A quokka skeleton (D:5)
  A quokka zombie (D:5)
  7 rats
  2 withered plants (D:15)
954 creatures vanquished.

Vanquished Creatures (collateral kills)
  Arachne (Spider:2)
  An emperor scorpion (Spider:3)
  A hydra (Lair:2)
  4 two-headed ogres
  3 death yaks
  2 titan skeletons (D:15)
  A wizard (D:15)
  A wolf spider (Spider:3)
  An ugly thing (D:14)
  A fire giant skeleton (D:15)
  3 komodo dragons
  A demonic crawler (Spider:2)
  4 meliai
  3 jumping spiders
  A queen bee (Spider:2)
  A fire dragon zombie (D:15)
  7 redbacks
  A tarantella (Spider:2)
  9 yaks
  A vampire (D:14)
  An ogre (D:15)
  A big kobold (D:10)
  A bullfrog (D:14)
  6 killer bees (Spider:2)
56 creatures vanquished.

Vanquished Creatures (others)
  A two-headed ogre (D:10)
  A wolf spider (Spider:2)
  A manticore (D:14)
  3 redbacks
  A hungry ghost (D:10)
  An orc priest (D:10)
  A hound (D:4)
  A worm (D:3)
  A goblin (D:3)
  A quokka (D:3)
  7 fungi
  25 plants
44 creatures vanquished.

Grand Total: 1054 creatures vanquished

Notes
Turn   | Place    | Note
-------+----------+-------------------------------------------
     0 | D:1      | Flugkiller the Felid Chaos Knight began the quest for the
                  | Orb.
     0 | D:1      | Reached XP level 1. HP: 10/10 MP: 2/2
    56 | D:1      | XOM: divination: magic mapping
    68 | D:1      | XOM: cleaving
    72 | D:1      | Reached skill level 1 in Stealth
   243 | D:1      | Reached XP level 2. HP: 14/14 MP: 3/3
   709 | D:1      | XOM is BORED!
   709 | D:1      | XOM: give mutations
   709 | D:1      | Gained mutation: Your body sometimes deteriorates upon
                  | taking damage. [Xom's mischief]
   709 | D:1      | Gained mutation: You passively map a small area around you.
                  | [Xom's mischief]
   709 | D:1      | Gained mutation: Your body often deteriorates upon taking
                  | damage. [Xom's mischief]
   936 | D:1      | Reached XP level 3. HP: 15/17 MP: 4/4
  1242 | D:2      | XOM: confusion
  1573 | D:1      | XOM: torment (10/17 hp)
  1704 | D:2      | Found a sacrificial altar of Ru.
  1723 | D:2      | XOM: swap monsters
  1765 | D:2      | Noticed Sigmund
  1860 | D:2      | Noticed Ijyb
  1905 | D:2      | XOM: chaos upgrade
  2128 | D:3      | Reached XP level 4. HP: 18/21 MP: 5/5
  2165 | D:3      | XOM: give mutations
  2165 | D:3      | Gained mutation: You have a pair of small horns on your
                  | head. [Xom's mischief]
  2165 | D:3      | Gained mutation: You are dopey. (Int -2) [Xom's mischief]
  2165 | D:3      | Gained mutation: You can translocate small distances at
                  | will. [Xom's mischief]
  2165 | D:3      | Gained mutation: You expend magic power (3 MP) to
                  | strengthen your wands. [Xom's mischief]
  2299 | D:3      | XOM: 3-stop teleportation journey
  2333 | D:3      | XOM: cast spell 'Summon Small Mammal'
  2609 | D:3      | Found a white marble altar of Elyvilon.
  2655 | D:3      | XOM: noise
  2712 | D:3      | XOM: divination: detect creatures
  2748 | D:3      | Reached skill level 5 in Unarmed Combat
  2751 | D:3      | Lost mutation: You passively map a small area around you.
                  | [potion of mutation]
  2751 | D:3      | Lost mutation: You have a pair of small horns on your head.
                  | [potion of mutation]
  2751 | D:3      | Lost mutation: Your body often deteriorates upon taking
                  | damage. [potion of mutation]
  2751 | D:3      | Lost mutation: Your body sometimes deteriorates upon taking
                  | damage. [potion of mutation]
  2751 | D:3      | Gained mutation: Your flesh is heat resistant. (rF+)
                  | [potion of mutation]
  2751 | D:3      | Gained mutation: You are partially covered in icy blue
                  | scales. (AC +2) [potion of mutation]
  2784 | D:3      | XOM: cloud trail
  3112 | D:4      | Noticed a phantom
  3197 | D:4      | XOM: silly message
  3292 | D:4      | Found a staircase to the Ecumenical Temple.
  3397 | D:4      | Reached XP level 5. HP: 15/24 MP: 6/6
  3444 | D:4      | XOM: 5-stop teleportation journey
  3484 | D:3      | XOM: scenery: 2 doors close
  3532 | D:4      | Noticed an ogre
  3534 | D:4      | XOM: enchant monster (good)
  3535 | D:4      | Noticed a phantom
  3588 | D:4      | XOM: fake destruction
  3590 | D:4      | XOM: cast spell 'Leda's Liquefaction'
  3684 | D:4      | XOM: potion effect (berserk rage)
  3694 | D:4      | Killed a phantom
  3830 | D:4      | XOM: silly message
  3862 | D:4      | XOM: potion effect (haste)
  3872 | D:4      | Killed an ogre
  3872 | D:4      | Gained mutation: You are covered in thick fur. (AC +2)
                  | [Felid growth]
  3872 | D:4      | Reached XP level 6. HP: 24/28 MP: 7/7
  3950 | D:4      | XOM: silly message
  3975 | D:4      | Reached skill level 5 in Dodging
  4318 | D:4      | XOM: silly message
  4319 | D:4      | XOM: divination: magic mapping
  4322 | D:4      | XOM: potion effect (invisibility)
  4327 | D:4      | Reached XP level 7. HP: 33/33 MP: 8/8
  4540 | D:5      | Entered Level 5 of the Dungeon
  4578 | D:5      | Found a glowing golden altar of the Shining One.
  4592 | D:5      | XOM: divination: detect creatures
  4602 | D:5      | XOM: potion effect (invisibility)
  4627 | D:5      | Noticed a hippogriff
  4630 | D:5      | XOM: cast spell 'Call Canine Familiar'
  4663 | D:5      | XOM: cast spell 'Call Canine Familiar'
  5350 | D:3      | XOM: silly message
  5405 | D:4      | XOM: polymorph orc wizard -> hound
  5435 | D:5      | XOM: god gift: scroll of fear
  5474 | D:5      | Reached skill level 5 in Fighting
  5518 | D:5      | XOM: cleaving
  5525 | D:5      | XOM: 4-stop teleportation journey
  5533 | D:5      | XOM: summons friendly white imp
  5534 | D:5      | XOM: summons friendly quasit
  5602 | D:4      | XOM: divination: detect items
  5603 | D:4      | XOM: divination: detect creatures
  5605 | D:4      | Killed a hippogriff
  5612 | D:4      | XOM: give mutations
  5612 | D:4      | Lost mutation: You are partially covered in icy blue
                  | scales. (AC +2) [Xom's mischief]
  5612 | D:4      | Lost mutation: You are dopey. (Int -2) [Xom's mischief]
  5643 | D:5      | XOM: cloud trail
  5690 | D:5      | XOM: fog
  6200 | D:5      | Reached XP level 8. HP: 31/37 MP: 9/9
  6288 | D:5      | XOM: enchant monster (good)
  6391 | D:4      | XOM: polymorph sky beast -> ice beast
  6403 | D:4      | XOM: summons friendly shadow imp
  6404 | D:4      | XOM: enchant monster (good)
  6447 | D:4      | XOM: polymorph shadow imp -> quasit
  6546 | D:5      | XOM: scenery: create altars
  6618 | D:5      | XOM: fog
  6984 | D:6      | Found a hazy altar of Hepliaklqana.
  7122 | D:6      | Learned a level 2 spell: Sticks to Snakes
  7354 | D:6      | Reached skill level 1 in Transmutations
  7361 | D:6      | Reached skill level 1 in Spellcasting
  7478 | D:6      | XOM: silly message
  7578 | D:6      | XOM: silly message
  7710 | D:6      | XOM: potion effect (haste)
  7819 | D:7      | XOM: divination: detect items
  7861 | D:7      | Learned a level 3 spell: Spider Form
  8216 | D:6      | XOM: give mutations
  8216 | D:6      | Lost mutation: You expend magic power (3 MP) to strengthen
                  | your wands. [Xom's mischief]
  8216 | D:6      | Gained mutation: You are weak. (Str -2) [Xom's mischief]
  8216 | D:6      | Lost mutation: Your flesh is heat resistant. (rF+) [Xom's
                  | mischief]
  8240 | D:6      | Reached skill level 1 in Poison Magic
  8241 | D:6      | XOM: scenery: create altars
  8627 | D:7      | Noticed a hippogriff
  8669 | D:7      | Killed a hippogriff
  8669 | D:7      | Reached skill level 5 in Transmutations
  8669 | D:7      | Reached XP level 9. HP: 29/41 MP: 12/14
  8951 | D:7      | XOM: cleaving
  9456 | D:7      | XOM: give mutation
  9456 | D:7      | Gained mutation: Your system is resistant to poisons.
                  | (rPois) [Xom's grace]
  9621 | D:7      | XOM: god gift: 53 gold pieces
 10038 | D:8      | XOM: noise
 10406 | D:8      | XOM: polymorph crimson imp -> ufetubus
 10646 | D:8      | XOM: confuse monster(s)
 10707 | D:8      | XOM: enchant monster (good)
 10774 | D:8      | Noticed Maurice
 10775 | D:8      | XOM: divination: detect items
 10796 | D:8      | Killed Maurice
 10825 | D:8      | Found an iron altar of Okawaru.
 10912 | D:8      | XOM: give mutations
 10912 | D:8      | Lost mutation: You are weak. (Str -2) [Xom's grace]
 10912 | D:8      | Gained mutation: You evolve. [Xom's grace]
 10912 | D:8      | Gained mutation: You expend magic power (3 MP) to
                  | strengthen your wands. [Xom's grace]
 10940 | D:8      | XOM is BORED!
 11017 | D:8      | XOM: god gift: 11 gold pieces
 11029 | D:8      | XOM: cleaving
 11227 | D:9      | XOM: give mutations
 11227 | D:9      | Gained mutation: You have a somewhat thin skeletal
                  | structure. (Dex +2, Stealth) [Xom's mischief]
 11227 | D:9      | Lost mutation: You have a somewhat thin skeletal structure.
                  | (Dex +2, Stealth) [Xom's mischief]
 11227 | D:9      | Gained mutation: Your muscles are strong. (Str +2) [Xom's
                  | mischief]
 11276 | D:9      | Noticed a troll
 11284 | D:9      | XOM: enchant monster (bad)
 11293 | D:9      | XOM: 3-stop teleportation journey
 11297 | D:9      | XOM: summons 9 friendly demons
 11316 | D:9      | Killed a troll
 11316 | D:9      | Reached XP level 10. HP: 48/48 MP: 11/15
 11526 | D:9      | Noticed a two-headed ogre
 11702 | D:9      | XOM: cleaving
 11733 | D:9      | Killed a two-headed ogre
 11753 | D:9      | XOM: 2-stop teleportation journey
 11876 | D:9      | XOM: enchant monster (good)
 12274 | D:9      | XOM: polymorph orc -> kobold
 12332 | D:9      | XOM: blink monster(s)
 12440 | D:9      | Learned a level 5 spell: Blade Hands
 12445 | D:9      | XOM: god gift: book of Maledictions
 12468 | D:9      | XOM: god gift: 22 gold pieces
 12470 | D:9      | XOM: smoke on damage
 12512 | D:9      | Found a staircase to the Orcish Mines.
 12532 | D:9      | XOM: 3-stop teleportation journey
 12837 | D:9      | XOM: polymorph hound -> iguana
 12958 | D:9      | XOM: god gift: serpentine marble ring {god gift}
 12963 | D:9      | Got a serpentine marble ring {god gift}
 12966 | D:9      | Identified the ring of Yryrr {Wiz rElec rF+ Dex-2} (Xom
                  | gifted it to you on level 9 of the Dungeon)
 12984 | D:10     | Entered Level 10 of the Dungeon
 13037 | D:10     | Found a staircase to the Lair.
 13037 | D:10     | Noticed an oklob plant
 13037 | D:10     | Noticed an oklob plant
 13164 | D:10     | Reached skill level 10 in Dodging
 13610 | D:10     | Found Ittimn's Magic Scroll Shoppe.
 13610 | D:10     | XOM: 8-stop teleportation journey
 13650 | D:10     | Identified Kubbop's Disquisition on Lucky Black Magic (Xom
                  | gifted it to you on level 10 of the Dungeon)
 13650 | D:10     | XOM: god gift: Kubbop's Disquisition on Lucky Black Magic
 13655 | D:10     | XOM: divine lightning
 13727 | D:10     | Noticed a two-headed ogre
 13762 | D:10     | Killed a two-headed ogre
 13762 | D:10     | Reached skill level 10 in Fighting
 13762 | D:10     | XOM: divine lightning
 13877 | D:10     | XOM: divination: detect items
 13929 | D:10     | XOM: god gift: robe {god gift}
 13989 | D:10     | XOM: give mutations
 13989 | D:10     | Gained mutation: You have a pair of small horns on your
                  | head. [Xom's grace]
 13989 | D:10     | Gained mutation: Your spells are a little harder to cast,
                  | but a little more powerful. [Xom's grace]
 13989 | D:10     | Gained mutation: You have a pair of horns on your head.
                  | [Xom's grace]
 14169 | D:10     | XOM: silly message
 14177 | D:10     | XOM: chaos upgrade
 14196 | D:10     | Noticed a three-headed hydra
 14213 | D:10     | XOM: confusion
 14292 | D:10     | XOM: destruction
 14314 | D:10     | Noticed a queen ant
 14314 | D:10     | a three-headed hydra changed into a queen ant
 14314 | D:10     | XOM: polymorph three-headed hydra -> queen ant
 14519 | D:10     | XOM is BORED!
 14519 | D:10     | XOM: stat loss: -2 Int (13/15)
 14555 | D:10     | XOM: scenery: 1 doors close
 14556 | D:10     | XOM: scenery: 1 doors open
 14583 | D:10     | Killed a queen ant
 14583 | D:10     | Reached XP level 11. HP: 46/55 MP: 3/16
 14649 | D:10     | XOM: blink monster(s)
 14662 | D:10     | XOM: god gift: potion of magic
 14689 | D:10     | XOM: cleaving
 14848 | D:10     | Bought a scroll of blinking for 82 gold pieces
 14848 | D:10     | Bought a scroll of magic mapping for 38 gold pieces
 14848 | D:10     | Bought a scroll of fear for 38 gold pieces
 14897 | D:10     | XOM: swap monsters
 14900 | Lair:1   | Entered Level 1 of the Lair of Beasts
 14918 | Lair:1   | Learned a level 4 spell: Ice Form
 15065 | Lair:1   | XOM: give mutation
 15065 | Lair:1   | Gained mutation: You are partially covered in slimy green
                  | scales. (AC +2) [Xom's mischief]
 15315 | Lair:1   | XOM: 2-stop teleportation journey
 15319 | Lair:1   | XOM: silly message
 15415 | Lair:1   | XOM: summons 2 friendly demons
 15440 | Lair:1   | XOM: cleaving
 15509 | Lair:1   | XOM: smoke on damage
 15518 | Lair:1   | XOM: polymorph spiny frog -> komodo dragon
 15831 | Lair:1   | XOM: summons 3 friendly demons
 15842 | Lair:1   | XOM: enchant monster (good)
 15874 | Lair:1   | Reached skill level 15 in Dodging
 15874 | Lair:1   | Gained mutation: Your thick and shaggy fur keeps you warm.
                  | (AC +3, rC+) [Felid growth]
 15874 | Lair:1   | Reached XP level 12. HP: 59/59 MP: 12/18
 15961 | Lair:1   | XOM: scenery: create altars
 15979 | Lair:1   | XOM: god gift: ration
 16079 | Lair:1   | XOM: give mutations
 16079 | Lair:1   | Lost mutation: You evolve. [Xom's grace]
 16079 | Lair:1   | Gained mutation: You are somewhat resistant to further
                  | mutation. [Xom's grace]
 16079 | Lair:1   | Gained mutation: Your muscles are very strong. (Str +4)
                  | [Xom's grace]
 16161 | Lair:2   | Found a hole to the Spider Nest.
 16297 | Lair:2   | XOM: god gift: scythe {god gift}
 16304 | Lair:2   | Noticed a six-headed hydra
 16314 | Lair:2   | XOM: scenery: create altars
 16316 | Lair:2   | XOM: cleaving
 16329 | Lair:2   | Killed a six-headed hydra
 16329 | Lair:2   | Reached skill level 10 in Unarmed Combat
 16419 | Lair:2   | XOM: divination: detect items
 16425 | Lair:2   | XOM: cleaving
 16433 | Lair:2   | XOM: enchant monster (good)
 16446 | Lair:2   | XOM: butterfly on damage
 16463 | Lair:2   | XOM: potion effect (brilliance)
 16656 | Lair:2   | XOM: scenery: create altars
 16742 | Lair:2   | Found a runed translucent gate.
 16742 | Lair:2   | Found a runed translucent gate.
 16742 | Lair:2   | Found a runed translucent gate.
 16762 | Lair:2   | XOM: cast spell 'Alistair's Intoxication'
 16840 | Lair:2   | XOM: cast spell 'Chain of Chaos'
 16869 | Lair:2   | XOM: 9-stop teleportation journey
 17003 | Lair:2   | Reached skill level 10 in Transmutations
 17023 | Lair:2   | XOM: scenery: create altars
 17033 | Lair:2   | XOM: scenery: create altars
 17066 | Lair:2   | Noticed a ten-headed hydra
 17068 | Lair:2   | Noticed a ten-headed hydra
 17068 | Lair:2   | Noticed brujo666's ghost (journeyman HOFi)
 17244 | Lair:2   | XOM: give mutations
 17244 | Lair:2   | Lost mutation: Your muscles are very strong. (Str +4)
                  | [Xom's mischief]
 17244 | Lair:2   | Lost mutation: Your spells are a little harder to cast, but
                  | a little more powerful. [Xom's mischief]
 17367 | Lair:2   | XOM is BORED!
 17367 | Lair:2   | XOM: give mutations
 17367 | Lair:2   | Gained mutation: Your flesh is heat resistant. (rF+) [Xom's
                  | mischief]
 17367 | Lair:2   | Lost mutation: Your flesh is heat resistant. (rF+) [Xom's
                  | mischief]
 17367 | Lair:2   | Lost mutation: You are somewhat resistant to further
                  | mutation. [Xom's mischief]
 17617 | Lair:3   | XOM: give mutations
 17617 | Lair:3   | Lost mutation: Your muscles are strong. (Str +2) [Xom's
                  | mischief]
 17617 | Lair:3   | Gained mutation: You are frail. (-10% HP) [Xom's mischief]
 17617 | Lair:3   | Lost mutation: You are frail. (-10% HP) [Xom's mischief]
 17667 | Lair:3   | XOM: summons friendly quasit
 17912 | Lair:3   | XOM: draining
 18116 | Lair:3   | XOM: 2-stop teleportation journey
 18126 | Lair:3   | XOM: confusion (+ monsters)
 18189 | Lair:3   | XOM: cast spell 'Dispersal'
 18222 | Lair:3   | XOM: enchant monster (bad)
 18235 | Lair:3   | XOM: repel stairs
 18286 | Lair:3   | XOM: silly message
 18398 | Lair:3   | XOM: summons friendly iron imp
 18408 | Lair:3   | XOM: confuse monster(s)
 18411 | Lair:3   | Reached XP level 13. HP: 51/65 MP: 14/20
 18593 | Lair:3   | XOM: give mutations
 18593 | Lair:3   | Lost mutation: You have a pair of horns on your head.
                  | [Xom's mischief]
 18593 | Lair:3   | Lost mutation: You can translocate small distances at will.
                  | [Xom's mischief]
 18593 | Lair:3   | Lost mutation: You are partially covered in slimy green
                  | scales. (AC +2) [Xom's mischief]
 18832 | Lair:3   | XOM: noise
 18845 | Lair:3   | XOM: noise
 18959 | Lair:3   | Noticed an entropy weaver
 18959 | Lair:3   | an eight-headed hydra changed into an entropy weaver
 18959 | Lair:3   | XOM: polymorph eight-headed hydra -> entropy weaver
 19037 | Lair:2   | XOM: give mutations
 19037 | Lair:2   | Gained mutation: You are clumsy. (Dex -2) [Xom's mischief]
 19037 | Lair:2   | Gained mutation: You are partially covered in yellow
                  | scales. (AC +2) [Xom's mischief]
 19037 | Lair:2   | Gained mutation: You are frail. (-10% HP) [Xom's mischief]
 19214 | Lair:4   | Noticed Sonja
 19286 | Lair:4   | Noticed Sonja
 19286 | Lair:4   | Sonja changed into Sonja the basilisk
 19293 | Lair:3   | Killed Sonja the basilisk
 19345 | Lair:3   | XOM: noise
 19757 | Lair:4   | You fall into a shaft and drop 1 floor!
 19923 | Lair:4   | Identified Ophuwic's Witchery, Part One
 19947 | Lair:4   | XOM: silly message
 19988 | Lair:4   | Reached skill level 1 in Evocations
 20037 | Lair:4   | XOM: 1-stop teleportation journey
 20125 | Lair:4   | XOM: scenery: create altars
 20225 | Lair:4   | XOM: fog
 20228 | Lair:4   | XOM: fake destruction
 20235 | Lair:4   | XOM: fog
 20241 | Lair:4   | XOM: destruction
 20352 | Lair:4   | XOM: give mutations
 20352 | Lair:4   | Lost mutation: You are partially covered in yellow scales.
                  | (AC +2) [Xom's mischief]
 20352 | Lair:4   | Gained mutation: You are very clumsy. (Dex -4) [Xom's
                  | mischief]
 20352 | Lair:4   | Gained mutation: Your body sometimes deteriorates upon
                  | taking damage. [Xom's mischief]
 20535 | Lair:4   | Found a staircase to the Swamp.
 20850 | Lair:4   | XOM: butterfly on damage
 21438 | Lair:5   | XOM: summons friendly iron imp
 21526 | Lair:5   | XOM: potion effect (brilliance)
 21632 | Lair:5   | XOM: noise
 21867 | Lair:5   | XOM is BORED!
 21867 | Lair:5   | XOM: noise
 22028 | Lair:5   | XOM: silly message
 22091 | Lair:6   | Entered Level 6 of the Lair of Beasts
 22107 | Lair:6   | XOM: silly message
 22311 | Lair:6   | XOM: divination: detect items
 22321 | Lair:6   | XOM: confusion (+ monsters)
 22323 | Lair:6   | XOM: noise
 22485 | Lair:6   | XOM: summons friendly crimson imp
 22529 | Lair:5   | XOM: blink monster(s)
 22547 | Lair:5   | XOM: confuse monster(s)
 22816 | Lair:5   | XOM: god gift: 16 stones
 22818 | Lair:5   | XOM: summons friendly quasit
 22825 | Lair:5   | XOM: summons 13 friendly demons
 22999 | Lair:5   | XOM: silly message
 23107 | Lair:5   | XOM: god gift: pair of heavily runed gloves {god gift}
 23280 | Lair:6   | XOM: stat loss: -1 Str (5/8)
 23309 | Lair:6   | XOM: blink monster(s)
 23313 | Lair:6   | XOM: fake destruction
 23316 | Lair:6   | XOM: potion effect (heal wounds)
 23329 | Lair:6   | XOM: scenery: 1 doors open
 23331 | Lair:6   | XOM: enchant monster (good)
 23741 | Lair:6   | XOM: cast spell 'Statue Form'
 23745 | Lair:6   | XOM: summons friendly crimson imp
 23791 | Lair:6   | XOM: summons friendly iron imp
 23900 | Lair:6   | Killed from afar by a catoblepas
 23901 | Lair:6   | Reached XP level 12. HP: 0/56 MP: 19/19
 23914 | Lair:6   | Killed a catoblepas
 23914 | Lair:6   | Reached skill level 5 in Evocations
 23998 | Lair:6   | XOM: silly message
 24119 | Lair:6   | XOM: summons 2 friendly demons
 24236 | Lair:6   | Noticed a death yak
 24237 | Lair:6   | Noticed a death yak
 24243 | Lair:6   | XOM: cast spell 'Monstrous Menagerie'
 24251 | Lair:6   | Killed a death yak
 24251 | Lair:6   | Reached XP level 13. HP: 54/60 MP: 14/20
 24251 | Lair:6   | XOM: enchant monster (good)
 24293 | Lair:6   | XOM: god gift: 24 gold pieces
 24303 | Lair:6   | XOM: polymorph yak -> hippogriff
 24313 | Lair:6   | XOM: confuse monster(s)
 24331 | Lair:6   | XOM: potion effect (might)
 24358 | Lair:6   | XOM: enchant monster (good)
 24364 | Lair:6   | XOM: enchant monster (good)
 24608 | Lair:6   | XOM: cast spell 'Call Canine Familiar'
 24627 | Lair:6   | XOM: noise
 24629 | Lair:6   | XOM: potion effect (stabbing)
 24634 | Lair:6   | XOM: potion effect (stabbing)
 24648 | Lair:6   | XOM: summons friendly shadow imp
 24668 | Lair:6   | XOM: summons 2 friendly demons
 24672 | Lair:6   | XOM: confuse monster(s)
 24680 | Lair:6   | XOM: potion effect (invisibility)
 24996 | Lair:6   | XOM: give mutations
 24996 | Lair:6   | Lost mutation: You have a pair of small horns on your head.
                  | [Xom's mischief]
 24996 | Lair:6   | Gained mutation: You are partially covered in iridescent
                  | scales. (AC +2) [Xom's mischief]
 24996 | Lair:6   | Gained mutation: You are very frail. (-20% HP) [Xom's
                  | mischief]
 25497 | D:11     | XOM: stealth player
 25578 | D:11     | XOM: butterfly on damage
 25840 | D:10     | XOM: summons 3 hostile demons
 26063 | D:11     | XOM: 1-stop teleportation journey
 26085 | D:11     | XOM: silly message
 26174 | D:11     | Learned a level 2 spell: Swiftness
 26381 | D:11     | Reached skill level 5 in Stealth
 26499 | D:11     | Reached skill level 1 in Charms
 26554 | D:11     | XOM: swap monsters
 26713 | D:12     | Reached skill level 1 in Air Magic
 26726 | D:12     | Found a flickering gateway to a bazaar.
 26735 | Bazaar   | Entered a bazaar
 26739 | Bazaar   | Found Synec's Book Emporium.
 26739 | Bazaar   | XOM: 4-stop teleportation journey
 26742 | Bazaar   | Found Zeet's Antique Armour Boutique.
 26777 | Bazaar   | Found Wacammem's Book Boutique.
 26794 | Bazaar   | Found Kerost's Antique Weapon Shoppe.
 26848 | Bazaar   | Bought a book of the Dragon for 1080 gold pieces
 26969 | D:12     | XOM: noise
 27077 | D:12     | XOM: stat loss: -1 Str (6/8)
 27090 | D:12     | XOM: summons 6 hostile demons
 27269 | D:12     | XOM: give mutation
 27269 | D:12     | Lost mutation: You expend magic power (3 MP) to strengthen
                  | your wands. [Xom's mischief]
 27460 | D:12     | XOM: stat loss: -1 Str (5/8)
 27512 | D:12     | XOM: polymorph adder -> swamp drake
 27516 | D:12     | XOM: cast spell 'Discord'
 27596 | D:12     | XOM: divination: magic mapping
 27618 | D:12     | XOM: enchant monster (good)
 28163 | D:12     | XOM: god gift: potion of lignification
 28247 | D:13     | Reached skill level 5 in Spellcasting
 28601 | D:12     | XOM: silly message
 28695 | D:12     | XOM: summons 1 hostile demon
 28826 | D:11     | XOM: silly message
 29269 | D:13     | XOM: scenery: create altars
 29348 | D:13     | XOM: swap monsters
 29540 | D:13     | Found a gate to the Vaults.
 29549 | D:13     | XOM: 1-stop teleportation journey
 29554 | D:13     | Identified the +4 long sword "Foarorr" {drain, *Drain rN+++
                  | MR+ Dex-4}
 29556 | D:13     | Noticed Pivothre's ghost (journeyman DgAE)
 29576 | D:13     | XOM: summons 13 friendly demons
 29580 | D:13     | Reached XP level 14. HP: 57/57 MP: 13/23
 29688 | D:13     | XOM is BORED!
 29856 | D:13     | Found a bloodstained altar of Trog.
 29858 | D:13     | Noticed a stone giant
 29858 | D:13     | Identified the +4 halberd of Deformation {antimagic, rF+}
 29863 | D:13     | Found a transporter.
 29884 | D:13     | Found a transporter.
 29886 | D:13     | XOM: summons friendly ufetubus
 30150 | D:14     | XOM: cloud trail
 30390 | D:14     | XOM: enchant monster (good)
 30476 | D:14     | XOM: swap monsters
 30483 | D:14     | XOM: blink monster(s)
 30498 | D:14     | XOM: draining
 30509 | D:14     | XOM: potion effect (haste)
 30510 | D:14     | XOM: divination: magic mapping
 30512 | D:14     | XOM: divination: detect items
 30517 | D:14     | XOM: enchant monster (bad)
 30538 | D:14     | XOM: summons 3 friendly demons
 30545 | D:14     | XOM: destruction
 30712 | D:14     | XOM: summons 14 friendly demons
 30799 | D:14     | XOM: 3-stop teleportation journey
 30841 | D:14     | XOM: god gift: 39 gold pieces
 30869 | D:14     | XOM: polymorph yak -> golden eye
 30994 | D:14     | XOM: enchant monster (good)
 31024 | D:14     | XOM: summons friendly quasit
 31143 | D:14     | XOM: god gift: ration
 31185 | D:14     | XOM: butterfly on damage
 31218 | D:14     | XOM: enchant monster (bad)
 31225 | D:14     | XOM: chaos cloud
 31237 | D:14     | XOM: fake destruction
 31244 | D:14     | XOM: silly message
 31469 | D:14     | XOM: potion effect (curing)
 31471 | D:14     | XOM: enchant monster (good)
 31477 | D:14     | XOM: noise
 31526 | D:14     | XOM: 3-stop teleportation journey
 31711 | D:14     | XOM: scenery: create altars
 32041 | D:14     | Identified the amulet "Neac" {+Rage rElec rPois rC+ Str+3}
 32317 | D:14     | Learned a level 7 spell: Dragon Form
 32509 | D:15     | Entered Level 15 of the Dungeon
 32519 | D:15     | XOM: confuse monster(s)
 32565 | D:15     | XOM: confusion (+ monsters)
 32660 | D:15     | XOM: scenery: 1 doors open, 2 doors close
 32678 | D:15     | XOM: destruction
 32691 | D:15     | XOM: enchant monster (good)
 32965 | D:15     | XOM: summons friendly shadow imp
 32968 | D:15     | XOM: give mutation
 32968 | D:15     | Lost mutation: You are very clumsy. (Dex -4) [Xom's
                  | mischief]
 32969 | D:15     | XOM: fog
 33375 | D:15     | XOM: silly message
 33385 | D:15     | XOM: scenery: 1 doors close
 33437 | D:15     | XOM: fake destruction
 33521 | D:15     | Found a staircase to the Depths.
 33521 | D:15     | XOM: 4-stop teleportation journey
 33530 | D:14     | XOM: polymorph cyclops -> floating eye
 33848 | D:15     | XOM: enchant monster (good)
 34169 | D:15     | XOM: fog
 34175 | D:15     | XOM: destruction
 34206 | D:15     | XOM: confuse monster(s)
 34231 | D:15     | XOM: polymorph necromancer -> glowing shapeshifter
 34254 | D:15     | XOM: summons 14 friendly demons
 34424 | D:14     | XOM: stat loss: -1 Dex (7/14)
 34458 | D:15     | XOM: cleaving
 34460 | D:15     | XOM: cast spell 'Summon Ice Beast'
 34489 | D:15     | XOM: blink monster(s)
 34498 | D:15     | Reached skill level 15 in Transmutations
 34794 | D:15     | XOM: chaos cloud
 34913 | D:15     | XOM: give mutation
 34913 | D:15     | Gained mutation: You occasionally shout uncontrollably at
                  | your foes. [Xom's mischief]
 34994 | D:15     | XOM: silly message
 35225 | D:12     | XOM: silly message
 35330 | Orc:1    | Entered Level 1 of the Orcish Mines
 35339 | Orc:1    | Reached XP level 15. HP: 60/60 MP: 23/25
 35340 | Orc:1    | Noticed Jorgrun
 35541 | Orc:1    | XOM: swap monsters
 35547 | Orc:1    | Killed Jorgrun
 35637 | Orc:1    | Found Borchab's General Store.
 35660 | Orc:1    | Bought a potion of heal wounds for 75 gold pieces
 35895 | Orc:2    | Entered Level 2 of the Orcish Mines
 35895 | Orc:2    | Found Laarigi's Gadget Boutique.
 35923 | Orc:2    | Found Falox's Food Shoppe.
 36182 | Spider:1 | Entered Level 1 of the Spider Nest
 36183 | Spider:1 | XOM: polymorph tarantella -> fire crab
 36186 | Spider:1 | XOM: repel stairs
 36187 | Spider:1 | XOM: fake destruction
 36188 | Spider:1 | XOM: potion effect (might)
 36195 | Lair:2   | XOM: summons friendly shadow imp
 36376 | Lair:2   | XOM: god gift: gnarled smoking staff {god gift}
 36474 | Lair:2   | XOM: give mutations
 36474 | Lair:2   | Lost mutation: You occasionally shout uncontrollably at
                  | your foes. [Xom's mischief]
 36474 | Lair:2   | Lost mutation: Your system is resistant to poisons. (rPois)
                  | [Xom's mischief]
 36474 | Lair:2   | Gained mutation: You are extremely frail. (-30% HP) [Xom's
                  | mischief]
 36508 | Spider:1 | XOM: polymorph orb spider -> unseen horror
 36722 | Lair:2   | XOM: give mutations
 36722 | Lair:2   | Gained mutation: Your system is resistant to poisons.
                  | (rPois) [Xom's grace]
 36722 | Lair:2   | Gained mutation: You are resistant to hostile enchantments.
                  | (MR+) [Xom's grace]
 36722 | Lair:2   | Lost mutation: You are extremely frail. (-30% HP) [Xom's
                  | grace]
 36898 | Spider:1 | You are sucked into a shaft and drop 1 floor!
 36898 | Spider:2 | Noticed Arachne
 36911 | Spider:2 | XOM: summons 5 friendly demons
 36911 | Spider:2 | Killed Arachne
 36941 | Spider:2 | XOM: scenery: create altars
 37160 | Spider:2 | XOM: blink monster(s)
 37164 | Spider:2 | XOM: cast spell 'Summon Dragon'
 37165 | Spider:2 | lol nice
 37367 | Spider:1 | XOM: polymorph wolf spider -> two-headed ogre
 37425 | Spider:1 | XOM: enchant monster (good)
 37432 | Spider:1 | XOM: noise
 37440 | Spider:1 | XOM: polymorph jumping spider -> eye of draining
 37443 | Spider:2 | XOM: divination: detect creatures
 37448 | Spider:2 | XOM: fake destruction
 37453 | Spider:1 | XOM: scenery: create altars
 37457 | Spider:1 | XOM: fog
 37464 | Spider:1 | HP: 3/90 [poisoned by a redback]
 37465 | Spider:1 | Succumbed to a redback's poison
 37466 | Spider:1 | Reached XP level 14. HP: 0/85 MP: 1/28
 37477 | Spider:1 | XOM: god gift: 18 sling bullets
 37613 | Orc:1    | Bought a potion of curing for 45 gold pieces
 37704 | D:10     | XOM: scenery: create altars
 37791 | Spider:1 | XOM: enchant monster (good)
 37807 | Spider:1 | XOM: butterfly on damage
 37808 | Spider:1 | wtf
 37905 | Spider:1 | XOM: scenery: create altars
 37964 | Spider:1 | Learned a level 6 spell: Invisibility
 37982 | Spider:1 | Reached skill level 1 in Hexes
 37982 | Spider:1 | XOM: enchant monster (good)
 38133 | Spider:1 | Noticed an entropy weaver
 38143 | Spider:1 | Killed an entropy weaver
 38427 | Spider:2 | XOM: divine lightning
 38433 | Spider:2 | Reached skill level 5 in Hexes
 38437 | Spider:2 | Noticed an entropy weaver
 38441 | Spider:2 | XOM: 1-stop teleportation journey
 38445 | Spider:2 | XOM: silly message
 38446 | Spider:2 | Killed an entropy weaver
 38490 | Spider:2 | Noticed an emperor scorpion
 38498 | Spider:2 | Killed an emperor scorpion
 38593 | Spider:2 | XOM: silly message
 38966 | Spider:2 | Learned a level 4 spell: Cause Fear
 38982 | Spider:3 | Noticed Aizul
 38986 | Spider:3 | Noticed an emperor scorpion
 38998 | Spider:2 | Killed Aizul
 38998 | Spider:2 | Reached XP level 15. HP: 25/60 MP: 6/29
 39601 | Spider:3 | Noticed Agnes
 39626 | Spider:3 | Noticed Bai Suzhen
 39642 | Spider:3 | XOM: silly message
 39738 | Spider:3 | XOM: silly message
 39745 | Spider:3 | Killed Agnes
 39768 | Spider:3 | Reached skill level 10 in Hexes
 39811 | Spider:2 | XOM: divination: detect items
 40034 | Spider:3 | XOM: potion effect (invisibility)
 40056 | Spider:3 | Noticed Nikola
 40068 | Spider:3 | Noticed a ghost moth
 40073 | Spider:3 | Killed Nikola
 40073 | Spider:3 | Reached skill level 10 in Spellcasting
 40073 | Spider:3 | XOM: potion effect (heal wounds)
 40078 | Spider:3 | Killed Bai Suzhen
 40083 | Spider:3 | Killed a ghost moth
 40230 | Spider:3 | XOM: silly message
 40420 | Spider:2 | XOM: give mutation
 40420 | Spider:2 | Gained mutation: You are weak. (Str -2) [Xom's mischief]
 40425 | Spider:2 | Learned a level 3 spell: Confusing Touch
 40452 | Spider:3 | XOM: confuse monster(s)
 40520 | Spider:3 | dang
 40526 | Spider:3 | XOM: smoke on damage
 40594 | Spider:3 | Reached skill level 15 in Unarmed Combat
 40779 | Spider:3 | XOM: 7-stop teleportation journey
 41010 | Spider:4 | Entered Level 4 of the Spider Nest
 41037 | Spider:4 | XOM: polymorph orb spider -> hippogriff
 41185 | Spider:4 | XOM: blink monster(s)
 41232 | Spider:4 | XOM: give mutations
 41232 | Spider:4 | Lost mutation: You are very frail. (-20% HP) [Xom's
                  | mischief]
 41232 | Spider:4 | Gained mutation: Your skin changes colour to match your
                  | surroundings (Stealth+). [Xom's mischief]
 41232 | Spider:4 | Lost mutation: Your body sometimes deteriorates upon taking
                  | damage. [Xom's mischief]
 41232 | Spider:4 | Gained mutation: You are very clumsy. (Dex -4) [Xom's
                  | mischief]
 41276 | Spider:4 | XOM: enchant monster (bad)
 41278 | Spider:4 | XOM: give mutations
 41278 | Spider:4 | Lost mutation: You are resistant to hostile enchantments.
                  | (MR+) [Xom's mischief]
 41278 | Spider:4 | Lost mutation: You are frail. (-10% HP) [Xom's mischief]
 41278 | Spider:4 | Lost mutation: You are very clumsy. (Dex -4) [Xom's
                  | mischief]
 41591 | Spider:4 | XOM: enchant monster (bad)
 41668 | Spider:4 | XOM: confusion
 41678 | Spider:4 | XOM: enchant monster (bad)
 41681 | Spider:4 | XOM: swap monsters
 41682 | Spider:4 | XOM: fog
 41691 | Spider:4 | Reached skill level 15 in Fighting
 41709 | Spider:3 | aaaaaaaaaaaaaaaaaaa
 42008 | Spider:4 | XOM: confusion
 42012 | Spider:4 | XOM: enchant monster (bad)
 42100 | Spider:4 | Noticed a ghost moth
 42106 | Spider:4 | Killed a ghost moth
 42288 | Spider:4 | Reached XP level 16. HP: 81/81 MP: 24/31
 42331 | Spider:4 | XOM: 1-stop teleportation journey
 42371 | Spider:4 | XOM: noise
 42544 | Spider:4 | XOM: swap monsters
 42618 | Spider:3 | XOM: give mutations
 42618 | Spider:3 | Gained mutation: You possess an exceptional clarity of
                  | mind. [Xom's grace]
 42618 | Spider:3 | Gained mutation: You have an increased reservoir of magic.
                  | (+10% MP) [Xom's grace]
 42760 | Spider:4 | XOM: cast spell 'Discord'
 42819 | Spider:4 | XOM: cloud trail
 42852 | Spider:4 | XOM: stat loss: -1 Int (17/18)
 43094 | Spider:4 | XOM: enchant monster (good)
 43126 | Spider:4 | XOM: summons friendly crimson imp
 43128 | Spider:4 | XOM: swap monsters
 43135 | Spider:4 | HP: 5/121 [demonic crawler (10)]
 43135 | Spider:4 | Slain by a demonic crawler
 43136 | Spider:4 | Reached XP level 15. HP: -2/115 MP: 27/32
 43151 | Spider:4 | XOM: destruction
 43227 | Spider:4 | Noticed a ghost moth
 43235 | Spider:4 | Killed a ghost moth
 43243 | Spider:4 | Paralysed by a hornet for 1 turns
 43442 | Spider:3 | XOM: summons 4 hostile shadow creatures
 43531 | Spider:4 | XOM: 1-stop teleportation journey
 43538 | Spider:4 | XOM: silly message
 43551 | Spider:4 | Noticed a ghost moth
 43563 | Spider:4 | Killed a ghost moth
 43576 | Spider:4 | XOM: summons 3 friendly demons
 43578 | Spider:4 | HP: 1/115 [emperor scorpion (5)]
 43579 | Spider:4 | Slain by an emperor scorpion
 43580 | Spider:4 | Reached XP level 14. HP: -1/109 MP: 28/31
 43620 | Spider:4 | an emperor scorpion changed into a minotaur
 43620 | Spider:4 | XOM: polymorph emperor scorpion -> minotaur
 43621 | Spider:4 | XOM: chaos cloud
 43707 | Spider:4 | XOM: give mutations
 43707 | Spider:4 | Lost mutation: You are clumsy. (Dex -2) [Xom's mischief]
 43707 | Spider:4 | Lost mutation: Your skin changes colour to match your
                  | surroundings (Stealth+). [Xom's mischief]
 43735 | Spider:4 | Got a gossamer rune of Zot
 43735 | Spider:4 | XOM: stat loss: -1 Int (17/18)
 43845 | Spider:4 | XOM: summons 1 hostile shadow creature
 43846 | Spider:4 | Noticed an entropy weaver
 43986 | Lair:4   | XOM: summons 7 hostile demons
 44008 | Swamp:1  | Entered Level 1 of the Swamp
 44010 | Swamp:1  | Found a frozen archway.
 44036 | IceCv    | Entered an ice cave
 44042 | IceCv    | XOM: summons friendly shadow imp
 44051 | IceCv    | XOM: give mutations
 44051 | IceCv    | Gained mutation: Your body sometimes deteriorates upon
                  | taking damage. [Xom's mischief]
 44051 | IceCv    | Gained mutation: You are very weak. (Str -4) [Xom's
                  | mischief]
 44076 | IceCv    | Noticed a white very ugly thing
 44111 | IceCv    | XOM: swap monsters
 44118 | IceCv    | Killed a white very ugly thing
 44122 | IceCv    | XOM: stat loss: -1 Dex (15/16)
 44151 | IceCv    | XOM: polymorph ice beast -> fire bat
 44152 | IceCv    | Noticed a white very ugly thing
 44161 | IceCv    | XOM: noise
 44170 | IceCv    | XOM: swap monsters
 44244 | IceCv    | XOM: smoke on damage
 44390 | IceCv    | XOM: give mutation
 44390 | IceCv    | Gained mutation: You evolve. [Xom's mischief]
 44472 | IceCv    | XOM: potion effect (brilliance)
 44485 | IceCv    | XOM: polymorph ice beast -> fire bat
 44496 | IceCv    | XOM: god gift: ration
 44650 | IceCv    | XOM: potion effect (brilliance)
 44733 | IceCv    | XOM: 1-stop teleportation journey
 44736 | IceCv    | XOM: fog
 44948 | IceCv    | XOM: 1-stop teleportation journey
 44955 | IceCv    | XOM: give mutations
 44955 | IceCv    | Lost mutation: You possess an exceptional clarity of mind.
                  | [Xom's mischief]
 44955 | IceCv    | Lost mutation: You are very weak. (Str -4) [Xom's mischief]
 44968 | IceCv    | XOM: noise
 45097 | IceCv    | XOM: give mutation
 45097 | IceCv    | Gained mutation: Your body often deteriorates upon taking
                  | damage. [Xom's mischief]
 45099 | IceCv    | XOM: polymorph ice beast -> rime drake
 45105 | IceCv    | XOM: stat loss: -1 Dex (13/16)
 45187 | IceCv    | XOM: torment (19/73 hp)
 45440 | IceCv    | XOM: chaos cloud
 45445 | IceCv    | XOM: confusion (+ monsters)
 45454 | IceCv    | XOM: summons 7 hostile demons
 45736 | IceCv    | XOM: summons 7 hostile demons
 45763 | IceCv    | XOM: summons 7 hostile demons
 45767 | IceCv    | HP: 3/87 [hellwing[Xom] (7)]
 45767 | IceCv    | Slain by a shadow imp

Levels and vault maps discovered:
D:1:      dpeg_arrival_boxorama, layout_basic, serial_bayou_pond_e
D:2:      kennysheep_the_goblin_king, layout_rooms,
          nicolae_ru_the_path_less_chosen, uniq_sigmund
D:3:      layout_basic, chequers_avenue, elyvilon_altar_4
D:4:      layout_cave_pods, minmay_temple_entry_hall
D:5:      layout_gridville, overflow_temple_1_default, first_ration
D:6:      layout_basic, basic_altar, minmay_manual_mares
D:7:      layout_layer_cave
D:8:      minmay_flawed_box, layout_loops_ring, okawaru_trees_2, uniq_maurice
D:9:      layout_loops_ring, erik_orc_4
D:10:     layout_basic, dpeg_oklobed_lair, serial_shops, shop_coins,
          hangedman_ranch [blue_anna_fruit_fields], bh_walls_and_bars
D:11:     layout_loops_ring
D:12:     layout_roguey, serial_shops, bzr_in_the_mist, moated_statue
D:13:     layout_big_octagon, erik_vaults_1, gammafunk_ghost_wrathful_warriors,
          serial_park, serial_park_tiny_1, grunt_decor_arrowhead,
          kennysheep_generic_room_9
D:14:     minmay_big_diamond_grid, layout_long_grid, drop_trap
D:15:     gammafunk_depths_entry_grave, layout_grid_maze,
          hangedman_abyss_or_decor_slice
Lair:1:   statuecave_lemuel, layout_big_grid, ldierk_geyser,
          serial_bayou_pond_c, nicolae_quartered_pool_super,
          infiniplex_staircase_pool_2
Lair:2:   layout_long_grid, spider_nest_entry_rubble,
          gammafunk_ghost_hydra_chop, guppyfry_lair_drakes, grunt_megastairs_4
Lair:3:   cheibrodos_lair_overgrown_chateau, layout_regular_city,
          beast_lair_carwin_9, serial_bayou_shore_a
Lair:4:   layout_small_grid, nicolae_swamp_entry_splash_gauntlet, uniq_sonja
Lair:5:   layout_cave_pods, serial_bayou_shore_b
Lair:6:   evilmike_catoblepas_cave, layout_regular_city,
          minmay_slime_entry_oklob_enclosed, infiniplex_staircase_pool,
          lemuel_fruit_fields
Swamp:1:  layout_basic_swamp, portal_ice_cave_entry_pillars_three,
          hangedman_swamp_pad, uniq_donald
Spider:1: layout_spider_delve
Spider:2: nicolae_spider_mines_1, special_room [special_room_bee], uniq_arachne
Spider:3: layout_spider_delve, zaba_antful_of_joy, uniq_nikola, uniq_aizul,
          uniq_agnes, uniq_bai_suzhen
Spider:4: grunt_spider_rune_parallel
Orc:1:    layout_caves, serial_shops, shop_coins, uniq_jorgrun, uniq_snorg,
          uniq_nergalle
Orc:2:    st_orc_open, layout_caves, basic_altar
IceCv:    ice_cave_statue_garden_chambered

Skill      XL: |  1  2  3  4  5  6  7  8  9 10 11 12 13 14 15 16 |
---------------+-------------------------------------------------+-----
Stealth        | 2 5 7 8 |  8.9
Unarmed Combat | 4 5 6 7 8 9 11 14 15 | 15.8
Dodging        | 4 5 6 7 9 10 15 | 15.0
Fighting       | 4 5 8 10 12 14 15 | 15.6
Transmutations | 5 7 9 10 11 15 | 15.2
Spellcasting   | 3 4 5 6 10 | 10.0
Poison Magic   | 1 |  1.0
Evocations     | 5 4 7 6 |  7.1
Charms         | 2 |  2.0
Air Magic      | 1 |  1.1
Hexes          | 8 12 | 12.3

Action                   |  1- 3 |  4- 6 |  7- 9 | 10-12 | 13-15 | 16-18 || total
-------------------------+-------+-------+-------+-------+-------+-------++-------
Melee: Unarmed           |   141 |   149 |   492 |   485 |  1688 |    74 ||  3029
       Bite              |    12 |    13 |    32 |    27 |   100 |     6 ||   190
       Punch             |     2 |     1 |     9 |     9 |    74 |     7 ||   102
       Headbutt          |       |     4 |       |    42 |    30 |       ||    76
       Tailslap          |       |       |       |       |    48 |    12 ||    60
 Cast: Spider Form       |       |       |    16 |    28 |       |       ||    44
       Sticks to Snakes  |       |       |       |    34 |    62 |       ||    96
       Blade Hands       |       |       |       |    34 |    90 |       ||   124
       Ice Form          |       |       |       |     3 |    13 |       ||    16
       Dragon Form       |       |       |       |       |    51 |     7 ||    58
       Cause Fear        |       |       |       |       |    11 |     3 ||    14
       Invisibility      |       |       |       |       |     7 |     4 ||    11
       Swiftness         |       |       |       |       |       |     1 ||     1
 Abil: End Transformatio |       |       |       |     2 |     3 |       ||     5
Evoke: Wand              |       |       |       |     8 |    55 |     1 ||    64
  Use: Scroll            |       |     7 |     5 |     4 |    28 |     1 ||    45
       Potion            |       |     5 |       |     2 |    24 |       ||    31
 Stab: Sleeping          |     4 |    11 |     8 |     3 |    24 |       ||    50
       Invisible         |       |     2 |       |       |    32 |     9 ||    43
       Paralysed         |       |       |     7 |     1 |     4 |       ||    12
       Distracted        |       |       |     1 |     1 |    10 |       ||    12
       Petrified         |       |       |       |     5 |    11 |       ||    16
       Confused          |       |       |       |     2 |     4 |     1 ||     7
  Eat: Chunk             |     9 |     5 |    15 |    37 |   127 |     8 ||   201
Armor: Skin              |    12 |     8 |    21 |    12 |   446 |    35 ||   534
Dodge: Dodged            |    97 |    82 |   392 |   345 |  1323 |    53 ||  2292
Block: Other             |       |       |       |    34 |   205 |       ||   239
       Reflection        |       |       |       |       |    10 |       ||    10

Table legend:
 A = Non-vault XP
 B = Vault XP
 C = Vault XP percentage of total XP
 D = Non-vault monster count
 E = Vault monster count
 F = Vault count percentage of total count
                 A         B        C        D         E       F
            +---------+---------+-------+---------+---------+-------
      Total |  146898 |   96739 |  39.7 |     732 |     279 |  27.6
            +---------+---------+-------+---------+---------+-------
        D:1 |      55 |       0 |   0.0 |      27 |       0 |   0.0
        D:2 |      34 |       4 |  10.5 |      15 |       2 |  11.8
        D:3 |     128 |       0 |   0.0 |      23 |       0 |   0.0
        D:4 |    1023 |       0 |   0.0 |      23 |       0 |   0.0
        D:5 |     452 |       0 |   0.0 |      22 |       0 |   0.0
        D:6 |     400 |     230 |  36.5 |       9 |       2 |  18.2
        D:7 |    1254 |      35 |   2.7 |      23 |       1 |   4.2
        D:8 |     931 |     779 |  45.6 |      18 |       9 |  33.3
        D:9 |    2275 |     556 |  19.6 |      33 |      17 |  34.0
       D:10 |    2494 |    1875 |  42.9 |      26 |       8 |  23.5
       D:11 |    4136 |       0 |   0.0 |      31 |       0 |   0.0
       D:12 |    6130 |       0 |   0.0 |      47 |       0 |   0.0
       D:13 |    6918 |    1918 |  21.7 |      22 |       3 |  12.0
       D:14 |    7444 |    6613 |  47.0 |      37 |      24 |  39.3
       D:15 |   17960 |    4010 |  18.3 |      54 |       8 |  12.9
     Lair:1 |    2279 |       0 |   0.0 |      13 |       0 |   0.0
     Lair:2 |    7767 |     773 |   9.1 |      32 |       5 |  13.5
     Lair:3 |    3134 |    3659 |  53.9 |      14 |      21 |  60.0
     Lair:4 |    6214 |    1188 |  16.0 |      27 |       7 |  20.6
     Lair:5 |    3909 |       0 |   0.0 |      13 |       0 |   0.0
     Lair:6 |    9982 |   10564 |  51.4 |      31 |      23 |  42.6
    Swamp:1 |     489 |       0 |   0.0 |       2 |       0 |   0.0
   Spider:1 |   13711 |       0 |   0.0 |      39 |       0 |   0.0
   Spider:2 |   13293 |    6810 |  33.9 |      48 |      31 |  39.2
   Spider:3 |   15972 |   17798 |  52.7 |      44 |      38 |  46.3
   Spider:4 |   17637 |   27281 |  60.7 |      40 |      53 |  57.0
      Orc:1 |     877 |    4540 |  83.8 |      19 |       3 |  13.6
      Orc:2 |       0 |    2286 | 100.0 |       0 |       6 | 100.0
      IceCv |       0 |    5820 | 100.0 |       0 |      18 | 100.0
            +---------+---------+-------+---------+---------+-------
